 Dungeon Crawl Stone Soup version 0.17-a0-1500-gecf5ee4 (webtiles) character file.

154 Tot the Cudgeler (level 5, -19/41 HPs)
             Began as a Mummy Fighter on July 7, 2015.
             Demolished by an ogre
             ... wielding a +0 giant club
              (20 damage)
             ... on level 3 of the Dungeon.
             The game lasted 00:16:48 (2877 turns).

Tot the Cudgeler (Mummy Fighter)                    Turns: 2877, Time: 00:16:48

Health: -19/41     AC:  6    Str: 20    XL:     5   Next: 13%
Magic:  5/5        EV:  7    Int:  8    God:
Gold:   131        SH:  8    Dex: 11    Spells: 0 memorised, 4 levels left

rFire  x . .     SeeInvis .     a - +0 flail
rCold  + . .     Clarity  .     h - +0 scale mail
rNeg   + + +     SustAt   .     c - +0 shield
rPois  ∞         Gourm    .     (no helmet)
rElec  .         Spirit   .     (no cloak)
rCorr  .         Warding  .     (no gloves)
rMut   .         Stasis   .     (no boots)
MR     .....                    (no amulet)
Stlth  ..........               (no ring)
                                (no ring)

@: not resistant to hostile enchantments, extremely unstealthy
A: no food or potions, fire vulnerability, cold resistance 1, negative energy
resistance 3, torment resistance, unbreathing
a: no special abilities


You were on level 3 of the Dungeon.
You were not hungry.

You visited 1 branch of the dungeon, and saw 3 of its levels.

You collected 131 gold pieces.

Inventory:

Hand weapons
 a - a +0 flail (weapon)
 b - a +0 hunting sling
Missiles
 d - 15 poisoned needles
 f - 73 sling bullets
 p - 2 tomahawks (quivered)
Armour
 c - a +0 shield (worn)
 h - a +0 scale mail (worn)
Magical devices
 l - a wand of confusion (22)
Scrolls
 e - 3 scrolls of remove curse
 g - a scroll of enchant armour
 i - a scroll of teleportation {unknown}
 j - a scroll of random uselessness {unknown}
 k - a scroll of amnesia {unknown}
 m - a scroll of enchant weapon {unknown}
 n - a scroll of recharging {unknown}
 o - a scroll of fog {unknown}


   Skills:
 - Level 3.0 Fighting
 * Level 4.4 Maces & Flails
 - Level 2.4 Armour
 - Level 2.4 Shields


You had 4 spell levels left.
You didn't know any spells.

Dungeon Overview and Level Annotations

Branches:
Dungeon (3/15)

Altars:
Dithmenos
Kikubaaqudgha
Zin


Innate Abilities, Weirdness & Mutations

You do not eat or drink.
Your flesh is vulnerable to fire.
You are immune to poison.
Your flesh is cold resistant.
You are immune to negative energy.
You are immune to unholy pain and torment.
You can survive without breathing.


Message History

Firing (i - inventory. (,) - cycle):
f - 74 sling bullets (quivered)
Press: ? - help, Shift-Dir - straight line, f - ogre
Aim: an ogre, wielding a giant club You shoot a sling bullet.
The sling bullet hits the ogre.
The ogre is moderately wounded.
a - a +0 flail (weapon)
You hit the ogre.
The ogre is heavily wounded.
The ogre hits you with a giant club!!
Ouch! That really hurt!
You sock the ogre!
The ogre is almost dead.
The ogre hits you with a giant club!!
* * * LOW HITPOINT WARNING * * *
You are too injured to fight recklessly!
You are too injured to fight recklessly!
You hit the ogre but do no damage.
The ogre is almost dead.
The ogre hits you with a giant club!!
You die...

#####...##O.####..#...#.##)#.####
.........................).#.# ##
#(# .#####.####.#.##.#†#
#######.##.#####.## #.#.##.#.#
..................# #.#.##.#)####
#######.########.## #............
#.# #.# ###.##.#.....
#.########.# #.##.######
#........O@# #.##.# #.##########
#.##.# ### ###


You could see an ogre.

Vanquished Creatures
  An orc priest (D:3)
  Ijyb (D:3)
  2 adders (D:2)
  A worm (D:2)
  2 giant geckos
  6 orcs
  4 ball pythons
  3 giant cockroaches
  12 goblins
  5 hobgoblins
  3 jackals (D:1)
  9 kobolds
  8 bats
  3 giant newts
  8 rats
68 creatures vanquished.

Notes
Turn   | Place    | Note
--------------------------------------------------------------
     0 | D:1      | Tot the Mummy Fighter began the quest for the Orb.
     0 | D:1      | Reached XP level 1. HP: 18/18 MP: 1/1
   120 | D:1      | Reached XP level 2. HP: 16/24 MP: 2/2
  1076 | D:2      | Reached XP level 3. HP: 27/29 MP: 3/3
  1245 | D:2      | Found an ancient bone altar of Kikubaaqudgha.
  2013 | D:3      | Reached XP level 4. HP: 35/35 MP: 4/4
  2056 | D:3      | Found a glowing silver altar of Zin.
  2063 | D:3      | Noticed an ogre
  2182 | D:3      | Found a shadowy altar of Dithmenos.
  2183 | D:3      | Noticed Ijyb
  2203 | D:3      | Killed Ijyb
  2350 | D:3      | Reached skill level 4 in Maces & Flails
  2679 | D:3      | Reached XP level 5. HP: 22/41 MP: 5/5
  2876 | D:3      | HP: 1/41 [ogre/giant club (18)]
  2877 | D:3      | Demolished by an ogre

Vault maps used:
D:1:      dpeg_arrival_lava_altar
D:2:      kiku_gazebo_garden_becter
D:3:      zin_statuary, vehumet_altar_wand_db, nicolae_dithmenos_shadow_blocks,
          uniq_iyjb

Action                   |  1- 3 |  4- 6 || total
-------------------------+-------+-------++-------
Melee: Flail             |   162 |   100 ||   262
 Fire: Hunting sling     |       |     1 ||     1
  Use: Scroll            |       |     3 ||     3
